 Dungeon Crawl Stone Soup version 0.29.1-15-g9cfb28693d (webtiles) character file.

Game seed: 1753989638216547049

2907 Eitelfritz the Cleaver (level 9, -2/71 HPs)
             Began as a Hill Orc Fighter on Apr 15, 2023.
             Was a Follower of Hepliaklqana.
             Shot with a sling bullet by Joseph (12 damage)
             ... on level 7 of the Dungeon.
             The game lasted 00:15:01 (7239 turns).

Eitelfritz the Cleaver (Hill Orc Fighter)           Turns: 7239, Time: 00:15:01

Health: -2/71      AC: 20    Str: 23    XL:     9   Next: 78%
Magic:  9/9        EV: 10    Int:  8    God:    Hepliaklqana [*.....]
Gold:   365        SH:  5    Dex: 10    Spells: 8/8 levels left

rFire   . . .      SeeInvis .   a - +1 war axe (protect)
rCold   + . .      Faith    .   c - +0 buckler
rNeg    . . .      Spirit   .   H - +0 scale mail {rC+}
rPois   +          Reflect  .   (no helmet)
rElec   .          Harm     .   h - +2 cloak
rCorr   .          Rampage  .   k - +1 pair of gloves
Will    .....                   (no boots)
Stlth   ..........              (no amulet)
HPRegen 0.21/turn               u - ring of poison resistance
MPRegen 0.11/turn               (no ring)

@: under a protective aura
A: reduced essence
a: Renounce Religion, Recall Ancestor, Ancestor Identity


You were on level 7 of the Dungeon.
You worshipped Hepliaklqana.
Hepliaklqana was aware of your devotion.
You visited 2 branches of the dungeon, and saw 8 of its levels.
You also visited: Sewer.

You collected 365 gold pieces.

Inventory:

Hand Weapons
 a - a +1 war axe of protection (weapon)
 b - a +0 sling
 m - a +0 hand axe of flaming
 G - a +0 war axe
Missiles
 i - 5 silver javelins
 q - 14 poisoned darts
 t - 6 atropa-tipped darts (quivered)
Armour
 c - a +0 buckler (worn)
 h - a +2 cloak (worn)
 k - a +1 pair of gloves (worn)
 n - a +0 chain mail
 H - a +0 scale mail of cold resistance (worn)
Jewellery
 f - a ring of ice
 u - a ring of poison resistance (left hand)
 w - an amulet of faith
Wands
 l - a wand of charming (13)
 v - a wand of flame (22)
 y - a wand of roots (6)
 B - a wand of digging (6)
 F - a wand of mindburst (7)
Scrolls
 g - 7 scrolls of teleportation
 j - 3 scrolls of poison
 r - a scroll of immolation {unknown}
 C - a scroll of blinking
 D - a scroll of magic mapping
 E - a scroll of fear
 I - a scroll of vulnerability {unknown}
 J - a scroll of identify
Potions
 d - a potion of haste
 e - a potion of ambrosia
 o - 3 potions of attraction
 p - a potion of curing
 s - 3 potions of lignification
 x - a potion of brilliance
 z - a potion of invisibility
 A - a potion of flight


   Skills:
 + Level 7.2 Fighting
 + Level 12.6 Axes
 + Level 6.6 Armour
 + Level 2.3 Dodging
 + Level 0.4 Stealth
 + Level 5.5 Shields


You had 8 spell levels left.
You didn't know any spells.
Your spell library contained the following spells:

 Spells                   Type           Power      Damage    Failure   Level
 Gell's Gravitas          Tloc           0%         N/A       98%         3
 Lesser Beckoning         Tloc           0%         N/A       98%         3
 Portal Projectile        Hex/Tloc       0%         N/A       98%         3
 Teleport Other           Tloc           0%         N/A       98%         3
 Tukima's Dance           Hex            0%         N/A       98%         3
 Blade Hands              Tmut           0%         N/A       100%        5


Dungeon Overview and Level Annotations

Branches:
Dungeon (7/15)             Temple (1/1) D:4           Sewer (visited)

Altars:
Ashenzari
Cheibriados
Elyvilon
Fedhas
Gozag
Hepliaklqana
Kikubaaqudgha
Makhleb
Nemelex Xobeh
Okawaru
Qazlal
Ru
Sif Muna
Trog
Uskayaw
Vehumet
Xom
Yredelemnul
Zin
The Shining One

Annotations:
D:7 Joseph, Menkaure


Message History

Joseph shoots a sling bullet.
The sling bullet hits you.
Things that are here:
a +0 mace; a +0 leather armour Joseph shoots a sling bullet.
You block the sling bullet.
Joseph shoots a sling bullet.
The sling bullet hits you!
* * * LOW HITPOINT WARNING * * *
Joseph shoots a sling bullet.
The sling bullet hits you!
* * * LOW HITPOINT WARNING * * *
You are confused.
You feel invigorated.
Joseph shoots a sling bullet.
The sling bullet barely misses you.
Joseph shoots a sling bullet.
The sling bullet hits you.
* * * LOW HITPOINT WARNING * * *
Menkaure calls on the powers of darkness!
Your body is wracked with pain!
* * * LOW HITPOINT WARNING * * *
You bump into the rock wall.
You feel less invigorated.
You feel less confused.
Joseph shoots a sling bullet.
You block the sling bullet.
Joseph shoots a sling bullet.
You block the sling bullet.
You hit Menkaure.
Your weapon exudes an aura of protection.
Menkaure is lightly damaged.
Menkaure barely misses you.
You barely miss Menkaure.
Menkaure is lightly damaged.
Menkaure barely misses you.
Joseph shoots a sling bullet.
The sling bullet hits you.
* * * LOW HITPOINT WARNING * * *
You slash Menkaure!
Menkaure is heavily damaged.
Menkaure closely misses you.
You hit Menkaure but do no damage.
Menkaure is heavily damaged.
Joseph shoots a sling bullet.
The sling bullet hits you but does no damage.
You hit Menkaure.
Menkaure is severely damaged.
Joseph shoots a sling bullet.
The sling bullet hits you!
You die...

#..# #..# #.# ########
#..####..####@# #....... #
#..M..........######.######
#. #.#####.M#...........# #
###.###>#
#..#@#...#####.######
........#
#..#.#))........[....
#####.###
#..#.#.).##....###### #.#
#..M.(......#........ #.#
#.##@#####.....###### #.#
#.##.# #.#.#.# # #.# #.#
##.#.######## #.#
#.####R#...#...... # #.#
#.....##.#.#..#... # #.#
######R#.รท.#_.....
#####.####### ##R#.##..#...
..........#.. #.#.##......
#####.###.#<# #.#.########


You could see Joseph and Menkaure.

Vanquished Creatures
  Sigmund (D:4)
  A steam dragon (D:6)
  A water moccasin (Sewer)
  Duvessa (D:7)
  3 black bears
  An orc warrior (D:7)
  2 ogres
  A centaur (D:5)
  A phantom (D:2)
  3 scorpions
  2 bullfrogs
  A gnoll sergeant (D:6)
  A necrophage (D:5)
  Dowan (D:7)
  A killer bee (D:7)
  2 hounds
  2 jellies
  2 gnoll boudas (D:5)
  3 orc priests
  Crazy Yiuf (D:3)
  Terence (D:2)
  Jessica (D:2)
  5 iguanas
  4 orc wizards
  13 gnolls
  13 adders
  2 white imps
  3 worms (D:2)
  A dart slug (D:1)
  27 orcs
  3 endoplasms
  5 giant cockroaches
  5 goblins
  8 hobgoblins
  15 jackals
  11 kobolds
  5 quokkas
  10 ball pythons
  5 bats
  4 frilled lizards
  8 rats
180 creatures vanquished.

Vanquished Creatures (collateral kills)
  A black bear (D:7)
  3 killer bees (D:7)
  An orc (D:7)
5 creatures vanquished.

Vanquished Creatures (others)
  An orc wizard (D:7)
  An ancestor (D:7)
  5 fungi (D:2)
  2 plants (D:2)
9 creatures vanquished.

Grand Total: 194 creatures vanquished

Notes
Turn   | Place    | Note
-------+----------+-------------------------------------------
     0 | D:1      | Eitelfritz the Hill Orc Fighter began the quest for the
                  | Orb.
     0 | D:1      | Reached XP level 1. HP: 19/19 MP: 1/1
   148 | D:1      | Reached XP level 2. HP: 27/27 MP: 2/2
   494 | D:1      | Reached skill level 3 in Axes
   589 | D:1      | Reached XP level 3. HP: 33/33 MP: 3/3
  1113 | D:2      | Noticed Terence
  1132 | D:2      | Killed Terence
  1133 | D:2      | Reached skill level 4 in Axes
  1133 | D:2      | Reached XP level 4. HP: 19/40 MP: 4/4
  1172 | D:2      | Noticed a phantom
  1180 | D:2      | Killed a phantom
  1181 | D:2      | Reached skill level 5 in Axes
  1181 | D:2      | Reached XP level 5. HP: 29/46 MP: 5/5
  1381 | D:2      | Noticed Jessica
  1385 | D:2      | Killed Jessica
  1531 | D:2      | Found a faded altar of an unknown god.
  1751 | D:3      | Found a stormy altar of Qazlal.
  1775 | D:3      | Reached skill level 6 in Axes
  1775 | D:3      | Reached XP level 6. HP: 48/53 MP: 6/6
  1825 | D:3      | Found a burning altar of Makhleb.
  2084 | D:3      | Noticed a black bear
  2105 | D:3      | Killed a black bear
  2106 | D:3      | Reached skill level 1 in Dodging
  2242 | D:3      | Reached XP level 7. HP: 46/60 MP: 7/7
  2481 | D:3      | Noticed a cacodemon
  2484 | D:3      | Noticed an orange demon
  2484 | D:3      | Noticed a ynoxinul
  2613 | D:3      | Reached skill level 7 in Axes
  2777 | D:3      | Found a runed translucent door.
  2778 | D:3      | Noticed Crazy Yiuf
  3103 | D:3      | Killed Crazy Yiuf
  3104 | D:3      | Reached skill level 5 in Armour
  3210 | D:4      | Noticed Sigmund
  3225 | D:3      | Reached skill level 5 in Fighting
  3366 | D:4      | Killed Sigmund
  3367 | D:4      | Reached skill level 8 in Axes
  3836 | D:4      | Found a staircase to the Ecumenical Temple.
  3902 | Temple   | Entered the Ecumenical Temple
  3986 | Temple   | Became a worshipper of Hepliaklqana the Forgotten
  4101 | D:4      | Reached XP level 8. HP: 68/68 MP: 8/8
  4634 | D:5      | Entered Level 5 of the Dungeon
  4677 | D:5      | Reached skill level 9 in Axes
  4713 | D:5      | Found an iron altar of Okawaru.
  4714 | D:5      | Found a snail-covered altar of Cheibriados.
  4746 | D:5      | Found a glowing drain.
  4885 | Sewer    | Entered a sewer
  5096 | Sewer    | Reached skill level 10 in Axes
  5413 | D:5      | Found a faded altar of an unknown god.
  5413 | D:5      | Found a broken altar of Ashenzari.
  5426 | D:5      | Found a glowing golden altar of the Shining One.
  5428 | D:5      | Found a white marble altar of Elyvilon.
  5429 | D:5      | Found a bloodstained altar of Trog.
  5506 | D:6      | Reached XP level 9. HP: 71/75 MP: 9/9
  5739 | D:6      | Reached skill level 11 in Axes
  5775 | D:6      | Reached skill level 5 in Shields
  6248 | D:6      | Found a sacrificial altar of Ru.
  6363 | D:7      | Noticed Dowan
  6364 | D:7      | Noticed Duvessa
  6376 | D:7      | Killed Duvessa
  6379 | D:7      | Killed Dowan
  6519 | D:7      | Reached * piety under Hepliaklqana
  6574 | D:7      | Reached skill level 12 in Axes
  6984 | D:7      | Found a glowing silver altar of Zin.
  7116 | D:7      | Found a sparkling altar of Nemelex Xobeh.
  7173 | D:7      | Noticed Menkaure
  7175 | D:7      | Noticed Joseph
  7239 | D:7      | Shot with a sling bullet by Joseph

Illustrated notes

Levels and vault maps discovered:
D:1:      ebering_hopf_link, layout_basic
D:2:      layout_rooms, shapermc_ecumenical_altar_mp_urbaneastern, uniq_jessica,
          uniq_terence
D:3:      layout_loops_cross, grunt_qazlal_clouds, makhleb_altar_promises_db,
          uniq_crazy_yiuf_cottage
D:4:      layout_cave_pods, minmay_temple_entry_antechambers, uniq_sigmund
D:5:      layout_basic, chequers_temple_overflow_minitemple,
          grunt_temple_overflow_open, gup_sewer_entry_glass
D:6:      layout_basic, nicolae_ru_path_of_blood, serial_corexii_hall,
          chequers_hall_statues_y, corexii_hall_statues_l,
          kennysheep_generic_room_2
D:7:      layout_loops_ring, mainiacjoe_overflow_alcove_4,
          lemuel_coloured_pillars_altar, uniq_menkaure, uniq_joseph,
          uniq_duvessa
Temple:   nicolae_temple_bog_church

Skill      XL: |  1  2  3  4  5  6  7  8  9 |
---------------+----------------------------+-----
Axes           | 3 4 5 6 8 10 12 | 12.6
Fighting       | 4 5 6 7 |  7.2
Shields        | 4 5 |  5.5
Armour         | 4 5 6 |  6.6
Dodging        | 1 2 |  2.3
Stealth        | |  0.4

Action                   |  1- 3 |  4- 6 |  7- 9 || total
-------------------------+-------+-------+-------++-------
Melee: War axe           |   126 |   141 |   328 ||   595
Throw: Dart              |       |       |     2 ||     2
  Use: Potion            |       |     2 |     2 ||     4
       Scroll            |       |       |    21 ||    21
Armor: Scale mail        |    79 |    63 |   204 ||   346
Dodge: Dodged            |    81 |    58 |   157 ||   296
Block: Buckler           |    38 |    32 |    72 ||   142
